 Dungeon Crawl Stone Soup version 0.31.0-4-g52a2dc7128 (webtiles) character file.

Game seed: 12325508002499831662

188 Colgate the Sneak (level 6, -2/37 HPs)
             Began as a Kobold Air Elementalist on Jan 22, 2024.
             Was an Initiate of Dithmenos.
             Slain by an iguana (4 damage)
             ... on level 4 of the Dungeon.
             The game lasted 00:11:06 (4083 turns).

Colgate the Sneak (Kobold Air Elementalist)         Turns: 4083, Time: 00:11:06

Health: -2/37      AC:  2    Str:  5    XL:     6   Next: 0%
Magic:  9/9        EV: 15    Int: 17    God:    Dithmenos [......]
Gold:   172        SH:  0    Dex: 17    Spells: 8/9 levels left

rFire   . . .        a - +0 short sword
rCold   + . .        (no shield)
rNeg    . . .        i - +0 robe
rPois   .            (no helmet)
rElec   .            (no cloak)
rCorr   +            (no gloves)
SInv    .            (no boots)
Will    .....        (no amulet)
Stlth   ++++         k - ring of protection from cold
HPRegen 0.26/turn    s - ring of resist corrosion
MPRegen 0.11/turn

%: no passive effects
@: no status effects
A: small, no large weapons, nightstalker 3
a: Renounce Religion


You were on level 4 of the Dungeon.
You worshipped Dithmenos.
Dithmenos was noncommittal.
You visited 2 branches of the dungeon, and saw 5 of its levels.

You collected 172 gold pieces.

Inventory:

Hand Weapons
 a - a +0 short sword (weapon)
 b - a +0 dagger
Missiles
 f - 11 poisoned darts
Armour
 c - a +0 ring mail
 g - a +3 chain mail of willpower
 i - a +0 robe (worn)
Jewellery
 k - a ring of protection from cold (left hand)
 s - a ring of resist corrosion (right hand)
Scrolls
 l - a scroll of blinking {unknown}
 m - a scroll of vulnerability {unknown}
 o - a scroll of teleportation {@r3}
 q - a scroll of summoning {unknown}
 r - a scroll of enchant armour {unknown}
Potions
 d - a potion of might {@q3}
 e - 2 potions of haste {@q4}
 h - 2 potions of ambrosia
 n - a potion of magic


   Skills:
 - Level 3.0 Fighting
 - Level 4.0 Short Blades
 - Level 2.4 Dodging
 + Level 5.1 Stealth
 - Level 2.1 Spellcasting
 - Level 1.0 Conjurations
 - Level 3.0 Air Magic


You had 8 spell levels left.
You knew the following spells:

 Your Spells              Type           Power      Damage    Failure   Level
a - Shock                 Conj/Air       32%        1d5       9%          1

Your spell library contained the following spells:

 Spells                   Type           Power      Damage    Failure   Level
 Magic Dart               Conj           20%        1d4       13%         1
 Static Discharge         Conj/Air       16%        3-4/arc   13%         2
 Swiftness                Air            12%        N/A       17%         3
 Searing Ray              Conj           10%        2d4       19%         2
 Airstrike                Air            6%         2d(1-17)  50%         4
 Fulminant Prism          Conj/Alch      1%         3d5       83%         4


Dungeon Overview and Level Annotations

Branches:
Dungeon (4/15)             Temple (1/1) D:4

Altars:
Cheibriados
Dithmenos
Elyvilon
Gozag
Hepliaklqana
Kikubaaqudgha
Makhleb
Nemelex Xobeh
Qazlal
Ru
Trog
Uskayaw
Vehumet
Wu Jian
Yredelemnul


Innate Abilities, Weirdness & Mutations

You are small and have problems with some larger weapons.
You are completely attuned to the shadows.


Message History

(D) Dungeon (T) Temple
Where to? (Tab/Enter - Temple @ (x,y), ? - help)
There is a staircase back to the Dungeon here.
You climb upwards.
Welcome back to the Dungeon!
There is a staircase to the Ecumenical Temple here.
No target in view!
There is an open door here.
A giant cockroach comes into view.
The giant cockroach bites you.
a - a +0 short sword (weapon)
The zap hits the giant cockroach.
The giant cockroach bites you but does no damage.
The zap hits the giant cockroach.
You kill the giant cockroach!
Dithmenos accepts your kill.
You have reached level 6!
b - a +0 dagger (weapon)
No target in view!
HP restored.
Magic restored.
Found a stone staircase leading up.
No target in view!
An iguana comes into view.
The iguana hisses angrily.
An endoplasm comes into view.
a - a +0 short sword (weapon)
You start waiting.
An iguana is nearby!
You closely miss the iguana.
The iguana bites you but does no damage.
You closely miss the iguana. The iguana bites you!
You hit the iguana but do no damage. The iguana bites you!
You barely miss the iguana. The iguana barely misses you.
You hit the iguana but do no damage. You closely miss the iguana.
The iguana bites you!
* * * LOW HITPOINT WARNING * * *
You closely miss the iguana. The iguana bites you.
* * * LOW HITPOINT WARNING * * *
You hit the iguana. The iguana bites you.
You die...

##. ##.. #### ...
#..####
PPP##....###..#.###
...P#.............## .
.>.P#........###.l.##..
...P#.......## #@#....<
P.P##......## ###.....
#'##........# #.l....
............# #......
...[.........# ##.....
.<.....†...... .....J
#.........###.
..........# ...........


You could see an iguana.

Vanquished Creatures
  Terence (D:3)
  Natasha (thrice) (D:2)
  3 adders
  3 ribbon worms
  4 endoplasms
  5 giant cockroaches
  5 hobgoblins
  4 jackals (D:1)
  7 kobolds
  A quokka (D:2)
  2 ball pythons
  6 bats
  2 frilled lizards
  6 goblins
  5 rats
57 creatures vanquished.

Notes
Turn   | Place    | Note
-------+----------+-------------------------------------------
     0 | D:1      | Colgate the Kobold Air Elementalist began the quest for the
                  | Orb.
     0 | D:1      | Reached XP level 1. HP: 10/10 MP: 3/3
   134 | D:1      | Reached skill level 1 in Fighting
   192 | D:1      | Reached XP level 2. HP: 13/16 MP: 0/5
   909 | D:1      | Reached XP level 3. HP: 8/22 MP: 0/6
  1800 | D:2      | Noticed Natasha
  1818 | D:2      | Killed Natasha
  1819 | D:2      | Reached XP level 4. HP: 13/28 MP: 7/7
  2221 | D:2      | Noticed Natasha
  2237 | D:2      | Killed Natasha
  2238 | D:2      | Reached XP level 5. HP: 12/32 MP: 8/8
  2531 | D:2      | Noticed Natasha
  2547 | D:2      | Killed Natasha
  2548 | D:2      | Reached skill level 3 in Stealth
  2892 | D:3      | Reached skill level 4 in Stealth
  3335 | D:3      | Noticed Terence
  3337 | D:3      | Killed Terence
  3338 | D:3      | Reached skill level 5 in Stealth
  3991 | D:4      | Found a staircase to the Ecumenical Temple.
  3997 | Temple   | Entered the Ecumenical Temple
  4006 | Temple   | Became a worshipper of Dithmenos the Shadowed
  4028 | D:4      | Reached XP level 6. HP: 36/37 MP: 6/9
  4083 | D:4      | Slain by an iguana

Illustrated notes

Levels and vault maps discovered:
D:1:      dpeg_arrival_circle_labyrinth_c, layout_basic
D:2:      layout_rooms, minmay_tetromino_o4, uniq_natasha
D:3:      layout_basic, chequers_serial_rivers_large_b, uniq_terence
D:4:      layout_cave_pools, zin_treasury, minmay_temple_entry_enclosed_plants,
          uniq_ijyb, uniq_edmund
Temple:   nicolae_temple_no_exploring_needed

Skill      XL: |  1  2  3  4  5 |
---------------+----------------+-----
Fighting       | 1 2 3 |  3.0
Short Blades   | 2 4 |  4.0
Stealth        | 5 |  5.1
Dodging        | |  2.4
Spellcasting   | |  2.1
Conjurations   | |  1.0
Air Magic      | |  3.0

Action                     |  1- 3 |  4- 6 || total
---------------------------+-------+-------++-------
  Melee: Unarmed           |     2 |       ||     2
         Whip              |     3 |       ||     3
         Short sword       |    15 |   132 ||   147
         Punch             |       |     4 ||     4
         Dagger            |       |    10 ||    10
   Cast: Shock             |    57 |     2 ||    59
    Use: Scroll            |     2 |     3 ||     5
         Potion            |     1 |       ||     1
   Stab: Sleeping          |     2 |     8 ||    10
 Armour: Robe              |    19 |    29 ||    48
         Ring mail         |     9 |    29 ||    38
  Dodge: Dodged            |    36 |    68 ||   104
